 Dungeon Crawl Stone Soup version 0.24.1-14-gf8d2b509d9 (webtiles) character file.

Game seed: 18150674272071575369, levelgen mode: deterministic

195749 H0rd4k the Slicer (level 19, -3/150 HPs)
             Began as a Human Artificer on May 28, 2020.
             Was an Initiate of Gozag.
             Killed from afar by a starcursed mass (10 damage)
             ... with an accursed screaming
             ... on level 4 of the Abyss on June 2, 2020.
             The game lasted 02:59:11 (35813 turns).

H0rd4k the Slicer (Human Artificer)                Turns: 35813, Time: 02:59:13

Health: -3/150     AC: 33    Str: 33    XL:     19   Next: 4%
Magic:  37/39      EV: 16    Int: 23    God:    Gozag
Gold:   3937       SH:  4    Dex: 18    Spells: 29/40 levels left

rFire    + + .     SeeInvis .   I - +10 short sword "Hoixiut" {vamp, *Corrode +Blink rC+ Int+8}
rCold    + + .     Gourm    .   (no shield)
rNeg     + . .     Faith    .   n - +11 chain mail of the Modern Spirits {rPois Str+5 Slay+3}
rPois    +         Spirit   .   r - +2 hat {MR+}
rElec    .         Reflect  +   b - scarf {repulsion}
rCorr    .         Harm     .   O - +1 pair of gloves {Str+3}
MR       ++...                  y - +2 pair of boots of Miracles {rF+ Str+3}
Stlth    ..........             k - amulet of the Burgomaster {Reflect rC+ Slay+2 SH+4}
HPRegen  0.00/turn              B - ring of Ritoarchi {rF+ rN+ MP+9 Dex+4}
MPRegen  0.26/turn              p - ring of the Octopus King {Wiz AC+1 EV+1 Str+1 Int+1 Dex+1}

@: gold aura, very slightly contaminated, non-regenerating, diseased, lightly
drained, repel missiles
A: deterioration 1, low mp 1, screaming 1, strong 1
}: 1/15 runes: barnacled
a: Potion Petition, Call Merchant, Bribe Branch, Renounce Religion, Evoke Blink


You were on level 4 of the Abyss.
You worshipped Gozag.
Gozag was most pleased with you.
You were not hungry.

You visited 6 branches of the dungeon, and saw 28 of its levels.
You visited the Abyss 1 time.
You also visited: Ice Cave.

You collected 9664 gold pieces.
You spent 2758 gold pieces at shops.
You paid 2969 gold pieces to Gozag.

Inventory:

Hand Weapons
 s - the +7 hunting sling of Inference {freeze, Str+2}
   (You found it on level 8 of the Dungeon)

   It causes projectiles fired from it to freeze those they strike, causing
   extra injury to most foes and up to half again as much damage against
   particularly susceptible opponents.
   They can also slow down cold-blooded creatures.
   It affects your strength (+2).
 I - the +10 short sword "Hoixiut" (weapon) {vamp, *Corrode +Blink rC+ Int+8}
   (You found it on level 6 of the Dungeon)

   It inflicts no extra harm, but heals its wielder when it wounds a living foe.
   It affects your intelligence (+8).
   It protects you from cold.
   It lets you blink.
   It may corrode you when you take damage.
Missiles
 i - 67 poisoned darts (quivered)
 m - 161 sling bullets
Armour
 b - a scarf of repulsion (worn)
 e - a scarf of spirit shield
 n - the +11 chain mail of the Modern Spirits (worn) {rPois Str+5 Slay+3}
   (You acquired it on level 7 of the Dungeon)

   It affects your strength (+5).
   It affects your accuracy and damage with ranged weapons and melee attacks
   (+3).
   It protects you from poison.
 r - a +2 hat of magic resistance (worn)
 y - the +2 pair of boots of Miracles (worn) {rF+ Str+3}
   (You acquired it in an ice cave)

   It affects your strength (+3).
   It protects you from fire.
 O - a +1 pair of gloves of strength (worn)
Magical Staves
 R - an uncursed staff of conjuration
 S - an uncursed staff of cold
Jewellery
 j - an uncursed ring of see invisible
 k - the amulet of the Burgomaster (around neck) {Reflect rC+ Slay+2 SH+4}
   (You bought it in a shop on level 11 of the Dungeon)

   [amulet of reflection]

   It shields you and reflects attacks.
   It affects your accuracy and damage with ranged weapons and melee attacks
   (+2).
   It protects you from cold.
   It affects your SH (+4).
 p - a ring of the Octopus King (right hand) {Wiz AC+1 EV+1 Str+1 Int+1 Dex+1}
   (You bought it in a shop on level 11 of the Dungeon)

   [ring of wizardry]

   It improves your spell success rate.
   It affects your AC (+1).
   It affects your evasion (+1).
   It affects your strength (+1).
   It affects your intelligence (+1).
   It affects your dexterity (+1).
 B - the ring of Ritoarchi (left hand) {rF+ rN+ MP+9 Dex+4}
   (You found it on level 4 of the Shoals)

   [ring of protection from fire]

   It affects your dexterity (+4).
   It protects you from fire.
   It protects you from negative energy.
   It affects your magic capacity (+9).
 Q - an uncursed ring of protection from magic
 V - an uncursed amulet of regeneration
 W - an uncursed ring of magical power {unknown}
 X - a cursed ring of protection from fire
Wands
 a - a wand of flame (43)
 c - a wand of random effects (31)
 q - a wand of paralysis (3)
 v - a wand of polymorph (19)
 E - a wand of acid (3)
 M - a wand of disintegration (12)
 P - a wand of iceblast (17)
Scrolls
 l - 11 scrolls of teleportation
 t - a scroll of summoning
 w - 13 scrolls of remove curse
 x - 4 scrolls of fear
 z - 4 scrolls of fog
 H - 2 scrolls of enchant weapon
 N - 3 scrolls of amnesia
 T - a scroll of silence
 Y - 2 scrolls of identify
Potions
 d - 4 potions of flight
 o - 2 potions of resistance
 A - 2 potions of invisibility
 C - 4 potions of curing
 D - 5 potions of agility
 G - 3 potions of cancellation
 J - 2 potions of magic
 K - 3 potions of brilliance
Miscellaneous
 h - a lightning rod (4/4)
 F - a fan of gales
 U - a box of beasts
Comestibles
 f - 11 rations


   Skills:
 + Level 13.6(13.5) Fighting
 + Level 14.1 Short Blades
   Level 3.4(9.9) Long Blades
 + Level 9.4(9.3) Slings
 + Level 1.4(6.0) Throwing
 + Level 13.6(13.5) Armour
 + Level 8.0(7.9) Dodging
 + Level 6.3(6.2) Stealth
 + Level 11.0(10.9) Spellcasting
 + Level 1.0(0.9) Conjurations
 + Level 4.2 Hexes
 + Level 9.2(9.1) Charms
 + Level 4.6(4.5) Translocations
 + Level 4.3(4.2) Fire Magic
 + Level 6.6(6.5) Evocations


You had 29 spell levels left.
You knew the following spells:

 Your Spells              Type           Power        Failure   Level  Hunger
a - Infusion              Chrm           ####         1%          1    None
b - Song of Slaying       Chrm           ######..     1%          2    None
c - Shroud of Golubria    Chrm/Tloc      #####.       1%          2    None
d - Spectral Weapon       Hex/Chrm       #####...     1%          3    None
e - Conjure Flame         Conj/Fire      ###.....     6%          3    None

Your spell library contained the following spells:

 Spells                   Type           Power        Failure   Level  Hunger
 Flame Tongue             Conj/Fire      ###..        2%          1    None
 Throw Flame              Conj/Fire      ###...       3%          2    None
 Inner Flame              Hex/Fire       ####....     3%          3    None
 Regeneration             Chrm/Necr      ####......   3%          3    None
 Animate Skeleton         Necr           N/A          6%          1    None
 Beastly Appendage        Tmut           ##....       6%          1    None
 Pain                     Necr           ##..         6%          1    None
 Sticks to Snakes         Tmut           ##......     10%         2    None
 Spider Form              Tmut/Pois      ##........   19%         3    None
 Vampiric Draining        Necr           ##........   19%         3    None
 Sticky Flame             Conj/Fire      ###.....     21%         4    None
 Iskenderun's Battlesphe  Conj/Chrm      #####...     22%         5    ####...
 Leda's Liquefaction      Hex/Erth       ###.......   26%         4    None
 Fireball                 Conj/Fire      ###.......   50%         5    ####...
 Animate Dead             Necr           N/A          52%         4    None
 Ice Form                 Ice/Tmut       ##......     52%         4    None
 Metabolic Englaciation   Hex/Ice        ###.......   56%         5    ####...
 Bolt of Magma            Conj/Fire/Erth ###.......   61%         5    ####...
 Venom Bolt               Conj/Pois      ##........   78%         5    ####...
 Blade Hands              Tmut           ##........   85%         5    ####...
 Bolt of Cold             Conj/Ice       ##........   100%        6    #####..
 Freezing Cloud           Conj/Ice/Air   ##........   100%        6    #####..
 Iron Shot                Conj/Erth      ##........   100%        6    #####..
 Ozocubu's Refrigeration  Ice            ##........   100%        6    #####..
 Simulacrum               Ice/Necr       ##........   100%        6    #####..
 Statue Form              Tmut/Erth      ##.......    100%        6    #####..
 Orb of Destruction       Conj           ###.......   100%        7    #######
 Spellforged Servitor     Conj/Summ      ##........   100%        7    #######
 Shatter                  Erth           ##........   100%        9    #######


Dungeon Overview and Level Annotations

Branches:
Dungeon (12/15)            Temple (1/1) D:6            Lair (6/6) D:11
 Shoals (4/4) Lair:2        Snake (0/4) Lair:3        Slime (0/5) Lair:6
    Orc (2/2) D:9             Elf (3/3) Orc:2         IceCv (visited)

Altars:
Ashenzari
Cheibriados
Dithmenos
Elyvilon
Fedhas
Gozag
Hepliaklqana
Kikubaaqudgha
Makhleb
Nemelex Xobeh
Okawaru
Qazlal
Ru
Sif Muna
Trog
Uskayaw
Vehumet
Wu Jian
Xom
Yredelemnul
Zin
The Shining One

Shops:
D:11 [(=[   Orc:2 ([*:   Elf:1 }(   Shoals:1 =

Annotations:
D:3 exclusion: upstairs
D:7 exclusion: downstairs
D:8 exclusion: downstairs
D:11 exclusion: downstairs
Lair:2 exclusion: downstairs
Shoals:2 exclusions: downstairs and 1 more exclusion
Shoals:3 2 transporters, exclusion: 2 ice statues


Innate Abilities, Weirdness & Mutations

Your body sometimes deteriorates upon taking damage.
Your magical capacity is low. (-10% MP)
You occasionally shout uncontrollably at your foes.
Your muscles are strong. (Str +2)


Message History

You shout at the insubstantial wisp!
You hear a chilling moan.
A starcursed mass splits.
A chorus of shrieks assaults your mind.
* * * LOW HITPOINT WARNING * * *
A starcursed mass splits.
You feel ill.
You feel yourself slow down.
Tentacles burst from the starspawn's body! 2 starspawn tentacles come into view.
The starspawn tentacle completely misses you.
A wretched star comes into view.
The ancient zyme becomes distracted by your gold, dreaming of imaginary riches.
You feel ill.
An insubstantial wisp comes into view.
The insubstantial wisp gives a chilling moan.
A starcursed mass splits.
The starcursed mass becomes distracted by the nearby gold, dreaming of imaginary riches.
A chorus of shrieks assaults your mind.
You die...
Your body crumbles into a pile of gold.

.#..# #####.##x
.#...# # . #.
#..*#..##...#
.###....#.##.vX# .
# #....#..─XX..#X
.# ###.#..?
.#x..#X.XX.#.
###...##Λ.##.##...#
.. ##..#/.w.#.#X.#.
..## #.#V##..#..##
# # ...##...@...#
.# ..#. ##.#.#..# .
# .# ####.. ...#
.### ##.. # #


You could see 4 starcursed masses, 2 tentacled starspawn, a wretched star, an
ancient zyme and a starspawn tentacle.

Vanquished Creatures
  Kirke (Elf:1)
  Ilsuiw (Shoals:4)
  2 deep elf sorcerers
  An orc warlord (Orc:2)
  The ghost of teukkam the Fighter, a journeyman MiBe of Trog (Lair:6)
  2 deep elf demonologists
  A very ugly thing (Abyss:4)
  A dire elephant (Lair:6)
  Azrael (Elf:2)
  6 merfolk javelineers
  Snorg (D:11)
  2 blizzard demons (IceCv)
  9 merfolk impalers
  The ghost of Thomus the Severer, a journeyman MiBe of Trog (Lair:1)
  3 hydras
  Erica (D:8)
  2 merfolk avatars
  3 catoblepae (Lair:6)
  8 merfolk aquamancers
  A two-headed ogre (D:10)
  4 death yaks
  3 thrashing horrors (Abyss:4)
  A shock serpent (shapeshifter) (Abyss:4)
  4 orc high priests
  A sixfirhy (Abyss:4)
  17 deep elf knights
  3 wretched stars
  8 sea snakes
  A glowing orange brain (Abyss:3)
  3 wizards
  11 deep elf archers
  4 orc knights (Orc:2)
  10 harpies
  49 deep elf magi
  8 oklob plants (Lair:6)
  4 fauns
  4 cyclopes
  18 manticores
  6 orc sorcerers
  5 elephants
  12 merfolk sirens
  A smoke demon (Abyss:3)
  An ice statue (IceCv)
  2 black mambas
  7 water nymphs
  A molten gargoyle (Lair:3)
  Psyche (D:8)
  A gargoyle (D:10)
  Joseph (D:7)
  11 spiny frogs
  A rime drake (Lair:5)
  3 freezing wraiths (IceCv)
  A hellion (Abyss:4)
  10 komodo dragons
  6 anaconda simulacra (IceCv)
  4 ice devils (IceCv)
  3 polar bears
  2 trolls
  32 merfolk
  5 snapping turtles
  A wolf spider simulacrum (IceCv)
  Grinder (D:4)
  6 hippogriffs
  6 raiju
  4 wind drakes
  11 blink frogs
  16 dream sheep
  A spectral black mamba (Lair:1)
  A flying skull (Abyss:4)
  2 air elementals
  27 orc warriors
  18 water elementals
  2 wyverns (D:7)
  4 ynoxinuls
  3 dire elephant simulacra (IceCv)
  A neqoxec (Abyss:4)
  A yak (shapeshifter) (Elf:2)
  A hungry ghost (D:7)
  A wraith (Abyss:4)
  36 yaks
  5 fire elementals
  A death yak simulacrum (IceCv)
  3 harpy simulacra (IceCv)
  An iron troll simulacrum (IceCv)
  4 nagas (Lair:3)
  A small abomination (Abyss:3)
  2 wargs
  2 hydra simulacra (IceCv)
  4 large abominations (Abyss:4)
  14 water moccasins
  5 porcupines
  5 hell hounds (Elf:2)
  A sky beast (D:2)
  An ice beast (D:5)
  3 phantoms
  3 black bears
  2 eyes of draining
  3 black mamba simulacra (Lair:1)
  13 ogres
  3 centaurs
  A boggart (Elf:1)
  12 crocodiles
  A big kobold (D:9)
  10 bullfrogs
  An earth elemental (Elf:2)
  A spiny frog simulacrum (Lair:1)
  A gnoll sergeant (D:9)
  2 scorpions
  A water moccasin skeleton (D:7)
  52 killer bees
  An elephant simulacrum (IceCv)
  An electric eel (Lair:3)
  3 howler monkeys
  A lava snake (Lair:3)
  2 crimson imps
  5 draconian simulacra (IceCv)
  3 starcursed masses (Abyss:4)
  A jelly (D:10)
  3 hounds
  3 centaur skeletons
  A gnoll shaman (D:7)
  20 orc priests
  A bullfrog skeleton (D:10)
  2 iguanas
  27 orc wizards
  2 polar bear simulacra (IceCv)
  3 troll simulacra (IceCv)
  5 worker ants
  A centaur simulacrum (IceCv)
  A hound skeleton (D:4)
  3 naga simulacra (IceCv)
  11 adders
  13 gnolls
  3 ogre simulacra (IceCv)
  A shadow imp (D:11)
  5 white imps (IceCv)
  4 ufetubi (IceCv)
  An ooze (D:5)
  An adder skeleton (D:4)
  4 worms
  2 dart slugs (D:2)
  3 leopard geckos
  60 orcs
  3 ball pythons
  4 bats
  4 giant cockroaches
  9 goblins
  4 hobgoblins
  11 jackals
  10 kobolds
  8 frilled lizards
  6 rats
  2 bushes
  A lurking horror (Abyss:3)
877 creatures vanquished.

Vanquished Creatures (collateral kills)
  2 merfolk impalers (Shoals:4)
  An elephant (Lair:6)
  A water nymph (Shoals:4)
  A spiny frog (Lair:6)
  4 merfolk (Shoals:4)
  2 wights (D:6)
  A worm (D:2)
  A leopard gecko (D:2)
  2 orcs (D:6)
  A bat (D:2)
  2 jackals (D:2)
18 creatures vanquished.

Vanquished Creatures (others)
  21 dancing weapons
  2 deep elf knights (Elf:1)
  A deep elf archer (Elf:2)
  A deep elf mage (Elf:2)
  A human (Elf:1)
  2 wights (D:6)
  A gnoll (D:3)
  4 white imps (IceCv)
  2 ufetubi (IceCv)
  A jackal (D:2)
  A bush (Lair:6)
  6 fungi
  15 plants
  A spectral weapon (Elf:1)
  7 starspawn tentacles
66 creatures vanquished.

Grand Total: 961 creatures vanquished

Notes
Turn   | Place    | Note
-------+----------+-------------------------------------------
     0 | D:1      | H0rd4k the Human Artificer began the quest for the Orb.
     0 | D:1      | Reached XP level 1. HP: 15/15 MP: 3/3
    87 | D:1      | Reached XP level 2. HP: 15/21 MP: 4/4
   593 | D:2      | Reached XP level 3. HP: 5/26 MP: 5/5
   987 | D:2      | Noticed a sky beast
  1392 | D:3      | Reached XP level 4. HP: 24/32 MP: 6/6
  1504 | D:2      | Killed a sky beast
  1504 | D:2      | Reached skill level 2 in Short Blades
  1504 | D:2      | Reached skill level 1 in Armour
  1504 | D:2      | Reached XP level 5. HP: 29/37 MP: 8/8
  2000 | D:2      | Found a basalt altar of Yredelemnul.
  2023 | D:2      | Found a glowing golden altar of the Shining One.
  2025 | D:2      | Noticed an angel
  2420 | D:3      | Reached XP level 6. HP: 36/43 MP: 9/9
  2448 | D:3      | Reached skill level 3 in Short Blades
  3078 | D:4      | Reached skill level 1 in Long Blades
  3100 | D:4      | Gained mutation: You have large cloven feet. [potion of
                  | mutation]
  3100 | D:4      | Gained mutation: You occasionally shout uncontrollably at
                  | your foes. [potion of mutation]
  3100 | D:4      | Lost mutation: You have large cloven feet. [potion of
                  | mutation]
  3100 | D:4      | Gained mutation: Your muscles are strong. (Str +2) [potion
                  | of mutation]
  3125 | D:4      | Noticed Grinder
  3129 | D:4      | Paralysed by Grinder for 4 turns
  3153 | D:4      | Killed Grinder
  3153 | D:4      | Reached XP level 7. HP: 19/50 MP: 10/10
  3666 | D:4      | Noticed a moth of wrath
  3669 | D:4      | Found a bloodstained altar of Trog.
  3777 | D:4      | Found a shimmering blue altar of Sif Muna.
  4547 | D:5      | Entered Level 5 of the Dungeon
  4625 | D:5      | Reached XP level 8. HP: 50/57 MP: 11/11
  4828 | D:5      | Reached skill level 4 in Short Blades
  5243 | D:5      | Reached skill level 5 in Short Blades
  5697 | D:6      | Found a staircase to the Ecumenical Temple.
  5879 | D:6      | Killed an orc warrior
  6036 | D:6      | Found a shattered altar of Ashenzari.
  6036 | D:6      | Found a glowing silver altar of Zin.
  6075 | D:6      | Got a slimy hand axe
  6076 | D:6      | Identified the +2 hand axe of Oozing Pus {venom, Str+4}
                  | (You found it on level 6 of the Dungeon)
  6185 | D:6      | Got an ancient short sword
  6186 | D:6      | Identified the +10 short sword "Hoixiut" {vamp, *Corrode
                  | +Blink rC+ Int+8} (You found it on level 6 of the Dungeon)
  6226 | D:6      | Reached XP level 9. HP: 64/64 MP: 12/12
  6641 | D:7      | Found a snail-covered altar of Cheibriados.
  6775 | Temple   | Entered the Ecumenical Temple
  6907 | Temple   | Became a worshipper of Gozag Ym Sagoz the Greedy
  7081 | D:7      | Reached skill level 6 in Short Blades
  7384 | D:7      | Reached skill level 7 in Short Blades
  7520 | D:7      | Reached skill level 5 in Evocations
  7771 | D:7      | Identified a scroll of acquirement
  7776 | D:7      | Got a bloodstained chain mail
  7787 | D:7      | Identified the +11 chain mail of the Modern Spirits {rPois
                  | Str+5 Slay+3} (You acquired it on level 7 of the Dungeon)
  7833 | D:8      | Noticed Joseph
  7844 | D:7      | Killed Joseph
  7844 | D:7      | Reached skill level 5 in Dodging
  7850 | D:8      | Noticed Psyche
  7889 | D:8      | Killed Psyche
  7889 | D:8      | Reached skill level 8 in Short Blades
  7889 | D:8      | Reached XP level 10. HP: 61/73 MP: 13/13
  7891 | D:8      | Found a shadowy altar of Dithmenos.
  7900 | D:8      | Noticed Erica
  7903 | D:8      | Killed Erica
  7903 | D:8      | Reached skill level 5 in Fighting
  7903 | D:8      | Reached skill level 5 in Armour
  7962 | D:8      | Found a shimmering altar of Xom.
  7963 | D:8      | Found a hazy altar of Hepliaklqana.
  7973 | D:8      | Found a stormy altar of Qazlal.
  8038 | D:8      | Got a shimmering hunting sling
  8039 | D:8      | Identified the +7 hunting sling of Inference {freeze,
                  | Str+2} (You found it on level 8 of the Dungeon)
  8380 | D:9      | Found an ornate altar of the Wu Jian Council.
  8614 | D:9      | Reached skill level 9 in Short Blades
  8843 | D:9      | Found a staircase to the Orcish Mines.
  8981 | D:9      | Noticed a wizard
  8988 | D:9      | Killed a wizard
  9061 | D:9      | Learned a level 1 spell: Infusion
  9066 | D:10     | Entered Level 10 of the Dungeon
  9071 | D:10     | Reached XP level 11. HP: 81/81 MP: 15/15
  9088 | D:9      | Reached skill level 1 in Charms
  9100 | D:10     | Reached skill level 1 in Spellcasting
  9254 | D:10     | Reached skill level 10 in Short Blades
  9427 | D:10     | Noticed a two-headed ogre
  9438 | D:10     | Killed a two-headed ogre
  9683 | D:10     | Found an ornate altar of the Wu Jian Council.
  9902 | D:11     | Found a staircase to the Lair.
  9935 | D:11     | Noticed Snorg
  9942 | D:11     | Killed Snorg
 10012 | D:11     | Noticed a deep elf mage
 10042 | D:11     | Killed a deep elf mage
 10042 | D:11     | Reached XP level 12. HP: 83/91 MP: 17/17
 10428 | Lair:1   | Entered Level 1 of the Lair of Beasts
 10559 | Lair:1   | Found a runed translucent gate.
 10559 | Lair:1   | Found a runed translucent gate.
 10559 | Lair:1   | Found a runed translucent gate.
 10560 | Lair:1   | Noticed Thomus's ghost (journeyman MiBe)
 10677 | Lair:1   | Reached skill level 1 in Throwing
 10745 | Lair:1   | Noticed a seven-headed hydra
 10777 | Lair:1   | Killed a seven-headed hydra
 10777 | Lair:1   | Reached skill level 11 in Short Blades
 10807 | Lair:1   | You fall into a shaft and drop 1 floor!
 11338 | Lair:2   | Found a staircase to the Shoals.
 12073 | D:11     | Learned a level 2 spell: Song of Slaying
 12076 | D:11     | Learned a level 2 spell: Shroud of Golubria
 12716 | Lair:3   | Reached XP level 13. HP: 53/99 MP: 10/20
 12922 | Lair:3   | Reached skill level 5 in Spellcasting
 13177 | Lair:3   | Found a staircase to the Snake Pit.
 13320 | Lair:3   | Noticed a six-headed hydra
 13325 | Lair:3   | Killed a six-headed hydra
 13325 | Lair:3   | Reached skill level 5 in Stealth
 13693 | Lair:3   | Got a dazzling chain mail
 13704 | Lair:3   | Identified the +5 chain mail of a bazaar {rF- Int+3 Stlth+}
                  | (You found it on level 3 of the Lair of Beasts)
 14811 | Lair:4   | Reached skill level 1 in Translocations
 14820 | Lair:4   | Reached skill level 12 in Short Blades
 15558 | Lair:5   | Noticed an eight-headed hydra
 15560 | Lair:5   | Killed an eight-headed hydra
 15583 | Lair:5   | Reached skill level 5 in Charms
 16276 | Lair:6   | Entered Level 6 of the Lair of Beasts
 16469 | Lair:6   | Got a blackened hand axe
 16473 | Lair:6   | Found a runed translucent gate.
 16473 | Lair:6   | Found a runed translucent gate.
 16473 | Lair:6   | Found a runed translucent gate.
 16474 | Lair:6   | Noticed a dire elephant
 16476 | Lair:6   | Noticed teukkam's ghost (journeyman MiBe)
 16505 | Lair:6   | Reached XP level 14. HP: 96/109 MP: 9/24
 16570 | Lair:6   | Identified the +9 hand axe of Gefa {pain, *Rage rElec rPois
                  | Str+5} (You found it on level 6 of the Lair of Beasts)
 17187 | Lair:6   | Reached skill level 10 in Fighting
 17580 | Lair:6   | Reached skill level 10 in Armour
 17794 | Lair:6   | Found a staircase to the Slime Pits.
 18669 | Orc:1    | Entered Level 1 of the Orcish Mines
 18911 | Orc:2    | Entered Level 2 of the Orcish Mines
 19344 | Orc:2    | Found a staircase to the Elven Halls.
 20221 | Orc:2    | Noticed an orc warlord
 20238 | Orc:2    | Killed an orc warlord
 20244 | Orc:2    | Reached XP level 15. HP: 112/117 MP: 0/27
 20652 | Orc:2    | Found Fokhoun's General Store.
 20653 | Orc:2    | Found Jasuc's Book Shoppe.
 20654 | Orc:2    | Found Zulongo's Antique Armour Shoppe.
 20654 | Orc:2    | Found Iladwut's Antique Weapon Emporium.
 20732 | Orc:2    | Bought a spiked chain mail for 256 gold pieces
 20732 | Orc:2    | Bought an ichor-stained chain mail for 256 gold pieces
 21383 | D:11     | Identified the cursed +1 chain mail of the Vestibule of
                  | Hell {MP+9 SInv} (You bought it in a shop on level 2 of the
                  | Orcish Mines)
 21404 | D:11     | Identified the +5 chain mail of the Furies {+Blink Dex+2}
                  | (You bought it in a shop on level 2 of the Orcish Mines)
 21428 | D:11     | Bought the amulet of the Burgomaster {Reflect rC+ Slay+2
                  | SH+4} for 790 gold pieces
 21428 | D:11     | Bought a ring of the Octopus King {Wiz AC+1 EV+1 Str+1
                  | Int+1 Dex+1} for 827 gold pieces
 21428 | D:11     | Found the ring of the Octopus King {Wiz AC+1 EV+1 Str+1
                  | Int+1 Dex+1}
 21772 | Shoals:1 | Entered Level 1 of the Shoals
 22379 | Shoals:1 | Reached skill level 13 in Short Blades
 22696 | Shoals:1 | Learned a level 3 spell: Spectral Weapon
 23008 | Shoals:1 | Found Kuurghent's Jewellery Shop.
 23622 | Shoals:2 | Reached skill level 1 in Slings
 24333 | Shoals:3 | Found a transporter.
 24377 | Shoals:3 | HP: 5/119 [snapping turtle (19)]
 24465 | Shoals:3 | Found a frozen archway.
 24586 | Shoals:2 | Reached XP level 16. HP: 86/126 MP: 23/29
 24607 | IceCv    | Entered an ice cave
 24894 | IceCv    | Got a pair of faintly glowing boots
 24900 | IceCv    | Identified the +2 pair of boots of Miracles {rF+ Str+3}
                  | (You acquired it in an ice cave)
 25738 | IceCv    | Reached skill level 5 in Slings
 26270 | IceCv    | Got a pitted jade ring
 26430 | Shoals:2 | Identified the ring "Jamy" {Str+3 Stlth+} (You found it in
                  | an ice cave)
 26473 | Shoals:3 | HP: 5/127 [drowned by a water nymph (12)]
 26474 | Shoals:3 | HP: 1/127 [merfolk siren/+0 spear (5)]
 27008 | Shoals:3 | Paralysed by a centaur for 2 turns
 27067 | Shoals:3 | Found a transporter.
 27071 | Shoals:3 | Got a heavily runed chain mail
 27449 | Shoals:2 | Identified the +1 chain mail of the Lion {Int+3 Dex+5} (You
                  | found it on level 3 of the Shoals)
 27505 | Shoals:4 | Entered Level 4 of the Shoals
 27663 | Shoals:4 | Got a twisted spear
 27848 | Shoals:4 | Got a shimmering flail
 28326 | D:11     | Identified the +5 spear of Insomnia {pierce, rElec SInv
                  | Stlth-} (You found it on level 4 of the Shoals)
 28327 | D:11     | Identified the +8 flail "Cejacromoo" {elec, rPois Dex+2}
                  | (You found it on level 4 of the Shoals)
 28614 | Shoals:4 | Got a heavily runed steel ring
 28617 | Shoals:4 | Identified the ring of Ritoarchi {rF+ rN+ MP+9 Dex+4} (You
                  | found it on level 4 of the Shoals)
 28750 | Shoals:4 | Got a barnacled rune of Zot
 29108 | Shoals:4 | Reached XP level 17. HP: 108/133 MP: 30/30
 29163 | Shoals:4 | Got a pitted hunting sling
 29164 | Shoals:4 | Identified the +1 hunting sling of Tender Mercy {velocity,
                  | Str+4 Int+4} (You found it on level 4 of the Shoals)
 29206 | Shoals:4 | Noticed Ilsuiw
 29277 | Shoals:4 | HP: 3/134 [merfolk siren/+0 spear (7)]
 29298 | Shoals:4 | Killed Ilsuiw
 29959 | Lair:1   | Killed Thomus's ghost
 30026 | D:11     | Bought a brightly glowing cloak for 323 gold pieces
 30026 | D:11     | Bought a faintly humming ring mail for 306 gold pieces
 30048 | D:11     | Identified the +2 cloak "Bew Mai" {Dex+4} (You bought it in
                  | a shop on level 11 of the Dungeon)
 30077 | D:11     | Identified the +0 ring mail of Sadycs {rF++ rN+ Int-3} (You
                  | bought it in a shop on level 11 of the Dungeon)
 30713 | Lair:6   | Killed teukkam's ghost
 30722 | Lair:6   | Reached skill level 10 in Spellcasting
 31405 | Lair:6   | Learned a level 3 spell: Conjure Flame
 31662 | Elf:1    | Entered Level 1 of the Elven Halls
 31953 | Elf:1    | Found Qitogowa's Weapon Emporium.
 32454 | Elf:1    | Found Acripius's Gadget Shoppe.
 32650 | Elf:1    | Noticed Kirke
 32663 | Elf:1    | Killed Kirke
 32669 | Elf:1    | Reached skill level 1 in Fire Magic
 32867 | Elf:2    | Reached skill level 1 in Conjurations
 32953 | Elf:2    | Found a runed translucent gate.
 32953 | Elf:2    | Found a runed translucent gate.
 32957 | Elf:2    | Found a runed translucent gate.
 33003 | Elf:2    | Reached skill level 1 in Hexes
 33044 | Elf:2    | Reached XP level 18. HP: 132/143 MP: 32/32
 33294 | Elf:2    | Noticed Azrael
 33365 | Elf:2    | Killed Azrael
 34256 | Elf:2    | Reached skill level 14 in Short Blades
 34387 | Elf:3    | Entered Level 3 of the Elven Halls
 34759 | Elf:3    | Found a shimmering altar of Xom.
 34775 | Elf:3    | Cast into level 3 of the Abyss (a deep elf sorcerer)
 35221 | Abyss:3  | Gained mutation: Your body sometimes deteriorates upon
                  | taking damage. [a cacodemon]
 35247 | Abyss:4  | Gained mutation: Your magical capacity is extremely low.
                  | (-30% MP) [a neqoxec]
 35369 | Abyss:4  | Found a corrupted altar of Lugonu.
 35572 | Abyss:4  | Found a corrupted altar of Lugonu.
 35599 | Abyss:4  | Found a corrupted altar of Lugonu.
 35608 | Abyss:4  | Found a corrupted altar of Lugonu.
 35678 | Abyss:4  | Reached XP level 19. HP: 104/135 MP: 28/30
 35685 | Abyss:4  | Noticed a bone dragon
 35701 | Abyss:4  | Paralysed by accursed screaming for 1 turns
 35734 | Abyss:4  | Paralysed by accursed screaming for 1 turns
 35744 | Abyss:4  | Noticed a profane servitor
 35808 | Abyss:4  | HP: 7/150 [starcursed mass/accursed screaming (10)]
 35813 | Abyss:4  | Killed from afar by a starcursed mass

Levels and vault maps discovered:
D:1:      psy_arrival_spokes, layout_loops_ring
D:2:      layout_loops_ring, grunt_temple_overflow_holy_war, first_ration
D:3:      layout_rooms
D:4:      black_bear_nest_1, layout_rooms, tgw_trog, lemuel_doored_altar,
          serial_forest, infiniplex_forest_clump_medium,
          infiniplex_forest_lined_room_2, infiniplex_forest_lined_3,
          infiniplex_forest_end_3, infiniplex_forest_lined_3,
          infiniplex_forest_clump_double, infiniplex_forest_end_2,
          infiniplex_forest_clump_C, minmay_fractal_squares_5, uniq_grinder
D:5:      layout_loops_ring
D:6:      layout_basic, gammafunk_temple_overflow_wave,
          minmay_temple_entry_overgrown
D:7:      layout_cave_pods, cheibrodos_worm_habitat
D:8:      layout_basic, gammafunk_temple_overflow_forgotten,
          nicolae_dithmenos_through_a_glass_darkly, uniq_psyche, uniq_erica,
          uniq_joseph
D:9:      layout_roguey, old_standard_altar, orc_0_dummy, hangedman_fish_farm,
          minmay_librarian
D:10:     layout_loops_ring, basic_altar
D:11:     layout_roguey, lair_entry_dummy, hangedman_decor_points, uniq_snorg
D:12:     layout_long_grid, serial_bayou, serial_bayou_lagoon_b,
          serial_bayou_pond_e, serial_bayou_lake_a, serial_bayou_crossing,
          special_room [special_room_orc]
Temple:   jpeg_temple_clearing
Lair:1:   layout_misc_corridors, gammafunk_ghost_necromancy
Lair:2:   layout_concentric_octagons, elwin_shoals_entry_stream,
          serial_bayou_shore_a
Lair:3:   layout_gridlike, minmay_snake_entry_guardpost_small, minivault_23,
          infiniplex_staircase_pool
Lair:4:   wad_woods_minihive, layout_cave_pods, lemuel_fruit_fields,
          grunt_megastairs_3
Lair:5:   layout_gridlike
Lair:6:   evilmike_catoblepas_cave, layout_small_grid,
          minmay_slime_entry_oklob_open, gammafunk_ghost_split,
          minmay_lair_oklob_chamber
Shoals:1: layout_shoals, serial_shops, shop
Shoals:2: layout_shoals
Shoals:3: gammafunk_the_bubble [the_bubble_gammafunk_split], layout_shoals,
          portal_ice_cave_entry_ice_statue_two
Shoals:4: shoals_end_simple, layout_shoals, shoals_ilsuiw_alternative
Orc:1:    layout_caves
Orc:2:    st_orc_congregation, layout_caves
Elf:1:    minmay_elf_arrival_summoners, layout_geoelf_grid, serial_shops, shop,
          nicolae_shop_waterfront, hangedman_elf_disciples, uniq_kirke
Elf:2:    layout_geoelf_octagon, uniq_azrael
Elf:3:    minmay_elf_hall_four_x, layout_geoelf_diagonals, basic_altar,
          hangedman_elf_targetted_burst
Abyss:4:  base: Vaults:1, bh_abyss_exit_choice, hangedman_abyss_or_decor_stabs,
          hangedman_abyss_feature_spike, evilmike_abyss_rune_ettins,
          hangedman_abyss_feature_spike, bh_abyss_exit_grid,
          evilmike_abyss_rune_tso_outpost, evilmike_abyss_rune_tso_outpost,
          patterned_corridor, nicolae_abyss_rune_star_stuff,
          evilmike_abyss_exit_10, minivault_13, doesnt_abyss_rune_brain_food,
          evilmike_abyss_exit_10

Skill      XL: |  1  2  3  4  5  6  7  8  9 10 11 12 13 14 15 16 17 18 |
---------------+-------------------------------------------------------+-----
Evocations     | 4 5 6 |  6.6
Short Blades   | 2 3 5 8 9 10 11 12 13 14 | 14.1
Armour         | 1 2 3 4 6 7 8 9 10 11 12 13 | 13.6
Stealth        | 2 3 4 5 6 |  6.3
Long Blades    | 3 |  3.4
Dodging        | 3 4 5 6 7 8 |  8.0
Fighting       | 2 3 4 6 7 8 9 10 11 12 13 | 13.6
Charms         | 3 4 5 6 7 8 9 |  9.2
Spellcasting   | 3 4 6 8 9 10 11 | 11.0
Throwing       | 1 |  1.4
Translocations | 2 3 4 |  4.6
Slings         | 4 7 9 |  9.4
Fire Magic     | 1 4 |  4.3
Conjurations   | 1 |  1.0
Hexes          | 1 4 |  4.2

Action                   |  1- 3 |  4- 6 |  7- 9 | 10-12 | 13-15 | 16-18 | 19-21 || total
-------------------------+-------+-------+-------+-------+-------+-------+-------++-------
Melee: Short sword       |   147 |    63 |    78 |   565 |  1494 |  1671 |    41 ||  4059
       Falchion          |       |    88 |       |       |       |       |       ||    88
       Rapier            |       |       |   297 |       |       |       |       ||   297
 Fire: Hunting sling     |       |       |       |       |    19 |   101 |       ||   120
Throw: Dart              |       |       |       |     6 |       |       |       ||     6
 Cast: Infusion          |       |       |       |       |    40 |    60 |     1 ||   101
       Shroud of Golubri |       |       |       |       |    31 |    45 |     1 ||    77
       Song of Slaying   |       |       |       |       |    23 |    19 |       ||    42
       Conjure Flame     |       |       |       |       |       |     1 |       ||     1
       Spectral Weapon   |       |       |       |       |       |     1 |       ||     1
Invok: Call Merchant     |       |       |       |       |     3 |     1 |       ||     4
       Potion Petition   |       |       |       |       |       |     1 |       ||     1
 Abil: Evoke Flight      |       |       |       |       |     4 |     3 |       ||     7
       Evoke Blink       |       |       |       |       |       |     1 |       ||     1
Evoke: Wand              |     6 |    16 |    15 |     8 |    16 |     7 |       ||    68
       Lightning rod     |       |       |       |       |     1 |     1 |       ||     2
       Box of beasts     |       |       |       |       |     1 |       |       ||     1
       Fan of gales      |       |       |       |       |       |     1 |       ||     1
  Use: Potion            |     2 |     5 |     1 |       |     4 |     8 |     2 ||    22
       Scroll            |       |       |    14 |       |    20 |    15 |     4 ||    53
 Stab: Sleeping          |     3 |     2 |       |       |       |       |       ||     5
       Paralysed         |       |     5 |       |     2 |       |       |       ||     7
       Distracted        |       |       |     1 |     4 |     4 |    11 |       ||    20
       Invisible         |       |       |       |       |       |     2 |       ||     2
  Eat: Chunk             |       |     7 |    10 |     2 |       |       |       ||    19
       Ration            |       |       |     2 |     4 |    11 |    11 |       ||    28
Armor: Leather armour    |    36 |    49 |    67 |       |       |       |       ||   152
       Skin              |    28 |       |       |       |       |       |       ||    28
       Chain mail        |       |       |     5 |   188 |   568 |   705 |    22 ||  1488
Dodge: Dodged            |    72 |   125 |   184 |   171 |   548 |   725 |    18 ||  1843
       Deflected         |       |       |       |       |    34 |    73 |     1 ||   108
Block: Other             |       |       |       |       |    53 |   181 |     5 ||   239
       Reflection        |       |       |       |       |     3 |     7 |       ||    10
       Rpst.: Falchion   |       |    22 |       |       |       |       |       ||    22
